[Event "*** Titled Tuesday Blitz"]
[Site "Chess.com"]
[Date "2019.02.05"]
[Round "4"]
[White "CzechmVIII"]
[Black "ori99"]
[Result "0-1"]
[WhiteElo "2111"]
[BlackElo "2028"]
[TimeControl "180+2"]
[EndTime "13:49:42 PST"]
[Termination "ori99 won by resignation"]

1. e4 e5 2. Nf3 Nc6 3. Bb5 a6 4. Ba4 Nf6 5. O-O b5 6. Bb3 Bc5 7. a4 Rb8 8. c3 O-O 9. d4 Bb6 10. axb5 axb5 11. Qd3 d6 12. Bg5 h6 13. Bxf6 Qxf6 14. Qxb5 Bb7 15. d5 Ne7 16. Nbd2 c6 17. Qxb6 cxd5 18. Qe3 dxe4 19. Nxe4 Bxe4 20. Qxe4 Rxb3 21. Ra7 Rxb2 22. Rd1 Ng6 23. h3 Nf4 24. Rd2 Rxd2 25. Nxd2 Qg5 26. Nf1 Nxh3+ 27. Kh2 Nf4 28.
Ng3 Rb8 29. Ra8 Rxa8 30. Qxa8+ Kh7 31. Qe4+ Qg6 32. Qf3 Qd3 33. Qc6 Qd5 34. Qxd5 Nxd5 35. Ne4 Kg6 36. c4 Nc7 37. Nxd6 Kf6 38. Ne4+ Ke6 39.
Kg3 f5 40. Nd2 Kd6 41. Nb3 Ne6 42. f3 Nd4 43. Nxd4 exd4 44. Kf4 Kc5 45. Kxf5 d3 0-1

[Event "*** Titled Tuesday Blitz"]
[Site "Chess.com"]
[Date "2019.02.05"]
[Round "4"]
[White "King_of_the_wing"]
[Black "m3alam"]
[Result "0-1"]
[WhiteElo "2193"]
[BlackElo "2166"]
[TimeControl "180+2"]
[EndTime "13:49:46 PST"]
[Termination "m3alam won by checkmate"]

1. e4 c6 2. d4 d5 3. f3 e5 4. exd5 Ne7 5. dxe5 Qxd5 6. Qxd5 Nxd5 7. Bd2 Bf5 8. Bd3 Bxd3 9. cxd3 Nd7 10. f4 Nc5 11. Ke2 Ne6 12. Nh3 Rd8 13. Rd1 Nd4+ 14.
Kf1 Nc2 15. Nc3 Nxa1 16. Rxa1 Nxc3 17. Bxc3 Rxd3 18. Ke2 Rd8 19. Ng5 h6 20. Ne4 Be7 21. f5 O-O 22. Rf1 Rd5 23. f6 gxf6 24. exf6 Bc5 25. Rf3 Re8 26. Rg3+ Kh8 27. Rg4 h5 28. Rh4 Kh7 29. Kf3 Rf5+ 30. Kg3 Kg6 31. Nxc5 Re3# 0-1

[Event "*** Titled Tuesday Blitz"]
[Site "Chess.com"]
[Date "2019.02.05"]
[Round "4"]
[White "MatthewG-p4p"]
[Black "Gordima"]
[Result "1-0"]
[WhiteElo "2675"]
[BlackElo "2674"]
[TimeControl "180+2"]
[EndTime "13:49:48 PST"]
[Termination "MatthewG-p4p won on time"]

1. c4 g6 2. g3 Bg7 3. Bg2 c5 4.
Nc3 Nc6 5. Nf3 d6 6. O-O e6 7. e3 Nge7 8. d4 O-O 9. b3 b6 10. Bb2 Bb7 11. Qd2 cxd4 12. Nxd4 d5 13. Nxc6 Bxc6 14. cxd5 Nxd5 15. Nxd5 Bxd5 16. Bxg7 Bxg2 17.
Qxd8 Rfxd8 18. Kxg2 Kxg7 19. Rfd1 f5 20. Rac1 Rxd1 21.
Rxd1 Rf8 22. f4 Rf7 23. Kf3 Rc7 24. Rd2 Kf6 25. h3 h6 26. g4 fxg4+ 27. hxg4 h5 28. Rh2 Rh7 29. Kg3 e5 30. Rc2 exf4+ 31. exf4 Re7 32.
Rc6+ Kg7 33. gxh5 gxh5 34. Kh4 Re2 35. Kxh5 Rxa2 36. Kg5 Rd2 37. Rc7+ Kf8 38. f5 Rd6 39. Rxa7 Rc6 40. Rb7 Rd6 41. b4 Rc6 42. b5 Rd6 43. Rc7 Rd5 44. Kg6 Rxb5 45. f6 Re5 46. Rc8+ Re8 47.
Rxe8+ 1-0

[Event "*** Titled Tuesday Blitz"]
[Site "Chess.com"]
[Date "2019.02.05"]
[Round "4"]
[White "Gubajdullin"]
[Black "Antipov_Mikhail_Al"]
[Result "0-1"]
[WhiteElo "2479"]
[BlackElo "2721"]
[TimeControl "180+2"]
[EndTime "13:49:48 PST"]
[Termination "Antipov_Mikhail_Al won on time"]

1. d4 Nf6 2. Bf4 c6 3. Nd2 Qb6 4. Nb3 a5 5. a4 d6 6. e3 Be6 7. Nf3 Bxb3 8. cxb3 Qb4+ 9. Nd2 Ne4 10. Bd3 Nxd2 11. Qxd2 Qxb3 12. O-O g6 13. Rfb1 Bg7 14.
Ra3 Qb4 15. Qc2 Qb6 16. Bg5 Na6 17. Bf1 Nb4 18. Qd2 Qc7 19. Rd1 O-O 20. e4 Rfe8 21. Rh3 d5 22. Bf4 Qb6 23. Bh6 Bh8 24. e5 c5 25. Be3 Qe6 26. f4 cxd4 27. Bxd4 Bg7 28. Bb5 Rec8 29. Rf1 Rc2 30. Qd1 Rac8 31. Rhf3 Qg4 32.
Bf2 Rxb2 33. h3 Qf5 34. Bb6 Rcc2 35. Rg3 Qe4 36. Qg4 h5 37. Qf3 h4 38. Qxe4 dxe4 39. Rg4 Nd5 40. Bd4 Rb4 41. Ba7 b6 42. Re1 e6 43.
Rxh4 Bf8 44. Bb8 Bc5+ 45. Kh1 Bf2 0-1

[Event "*** Titled Tuesday Blitz"]
[Site "Chess.com"]
[Date "2019.02.05"]
[Round "4"]
[White "Maikrosoft63"]
[Black "tioloko"]
[Result "0-1"]
[WhiteElo "2558"]
[BlackElo "2574"]
[TimeControl "180+2"]
[EndTime "13:49:51 PST"]
[Termination "tioloko won on time"]

1. e4 c5 2. Nf3 d6 3. d4 cxd4 4. Nxd4 Nc6 5. Nc3 Nf6 6. Bg5 e6 7. Qd2 a6 8. O-O-O Bd7 9. f4 Be7 10.
Kb1 b5 11. Nxc6 Bxc6 12. Qe1 Qb6 13. Bxf6 Bxf6 14. Nd5 exd5 15. exd5+ Kf8 16. dxc6 Qxc6 17. Bd3 Re8 18. Qf2 g6 19. g4 Qc5 20. Qxc5 dxc5 21. c3 g5 22. fxg5 Bxg5 23. Bf5 Kg7 24. Rd7 h5 25. h4 hxg4 26. Rg1 Rxh4 27. Bxg4 c4 28. Bf3 Kg6 29. Bd5 Re5 30. Bxf7+ Kf6 31. Bd5 Re2 32. Bf3 Rf2 33. Bd1 Rhh2 34. Rd6+ Ke7 35. Rxa6 Rxb2+ 36. Ka1 Bf6 37. Re1+ Kf7 38. Bh5+ Kg7 39.
Rg1+ Rbg2 40. Rxg2+ Rxg2 41. Be8 Bxc3+ 42. Kb1 b4 43.
Bb5 b3 44. axb3 cxb3 45. Ra7+ Kf6 46. Ra6+ Ke5 0-1

[Event "*** Titled Tuesday Blitz"]
[Site "Chess.com"]
[Date "2019.02.05"]
[Round "4"]
[White "AkibaRubi"]
[Black "HanSchut"]
[Result "0-1"]
[WhiteElo "2565"]
[BlackElo "2307"]
[TimeControl "180+2"]
[EndTime "13:49:51 PST"]
[Termination "HanSchut won by resignation"]

1. d4 Nf6 2. c4 g6 3. Nc3 d5 4.
cxd5 Nxd5 5. e4 Nxc3 6. bxc3 Bg7 7. Bc4 c5 8. Ne2 Nc6 9. Be3 O-O 10. O-O Bg4 11.
f3 Na5 12. Bb3 cxd4 13. cxd4 Nxb3 14. Qxb3 Bd7 15. Rac1 a6 16. Rfd1 b5 17. Nf4 Rc8 18.
Nd3 Rxc1 19. Rxc1 Bc8 20. Nc5 Bxd4 21. Bxd4 Qxd4+ 22. Kh1 Rd8 23. h3 h5 24. Qc2 Qd2 25. Nb3 Qxc2 26. Rxc2 Be6 27. Rb2 Bxb3 28. axb3 Rd1+ 29.
Kh2 Ra1 30. Kg3 a5 31. Kf4 a4 32. bxa4 bxa4 33. Rb8+ Kg7 34. Ra8 a3 35. g3 Kf6 36.
Ra5 a2 37. h4 Ke6 38. Ra6+ Kd7 39. Ra7+ Kd6 40. Ra6+ Kc5 41. Ra7 f6 42. Rxe7 Rg1 43. Rc7+ Kd6 44. Ra7 0-1

[Event "*** Titled Tuesday Blitz"]
[Site "Chess.com"]
[Date "2019.02.05"]
[Round "4"]
[White "NoGalloNoParty"]
[Black "Tiqr777"]
[Result "1-0"]
[WhiteElo "2335"]
[BlackElo "2575"]
[TimeControl "180+2"]
[EndTime "13:49:53 PST"]
[Termination "NoGalloNoParty won by resignation"]

1. d4 Nf6 2. Nf3 e6 3. c4 d5 4. g3 Be7 5. Bg2 O-O 6. O-O Nbd7 7. Nbd2 a6 8. Qc2 c5 9. cxd5 Nxd5 10. Rd1 Qc7 11.
Ne4 cxd4 12. Qxc7 Nxc7 13. Nxd4 Nf6 14. Bg5 Ncd5 15. Rac1 Rb8 16. Nxf6+ Bxf6 17. Bxf6 Nxf6 18. Nb3 b6 19. Rc7 a5 20. Nd4 Bd7 21. Nc6 Bxc6 22.
Bxc6 Rbc8 23. Rxc8 Rxc8 24. Ba4 Kf8 25. Rd6 Rb8 26.
Bb5 Ke7 27. Rc6 Ne8 28. f4 f5 29. Kf2 Nd6 30. Rc7+ Kf6 31. Bd3 Rb7 32. Rxb7 Nxb7 33. e4 fxe4 34. Bxe4 Nd6 35. Bd3 e5 36. Ke3 g5 37.
fxg5+ Kxg5 38. Bxh7 Kf6 39. Bd3 b5 40. h4 b4 41. a3 bxa3 42. bxa3 e4 43. Bxe4 Nc4+ 44.
Kf4 Nxa3 45. Bd3 a4 46. g4 Ke6 47. h5 1-0

[Event "*** Titled Tuesday Blitz"]
[Site "Chess.com"]
[Date "2019.02.05"]
[Round "4"]
[White "Airquake"]
[Black "Quiet_Desperation"]
[Result "0-1"]
[WhiteElo "2535"]
[BlackElo "2414"]
[TimeControl "180+2"]
[EndTime "13:49:53 PST"]
[Termination "Quiet_Desperation won by checkmate"]

1. e4 Nc6 2. Nf3 d6 3. Nc3 Nf6 4. Be2 e5 5. O-O Be7 6. d4 exd4 7. Nxd4 O-O 8. Be3 Re8 9. f4 Nxd4 10. Qxd4 c5 11.
Qd3 a6 12. a4 Bg4 13. Rae1 Bxe2 14. Rxe2 Bf8 15. h3 Rc8 16. Bf2 d5 17. Bh4 c4 18. Qd1 Qb6+ 19. Kh1 dxe4 20. Bxf6 Qxf6 21. Qd5 e3 22. Qxb7 Rb8 23. Qd5 Rxb2 24. Qxc4 Rbb8 25.
Nd5 Qd6 26. Rxe3 Rec8 27. Qd3 Rd8 28. c4 Qc5 29. Rd1 Rbc8 30. Re4 Re8 31. Rxe8 Rxe8 32. Nc3 Qf2 33. Nd5 Bc5 34. Qf3 Re1+ 35. Rxe1 Qxe1+ 36. Kh2 Bg1+ 37. Kh1 Bf2+ 38. Kh2 Qg1# 0-1

[Event "*** Titled Tuesday Blitz"]
[Site "Chess.com"]
[Date "2019.02.05"]
[Round "4"]
[White "Storne89"]
[Black "OparinGrigoriy"]
[Result "0-1"]
[WhiteElo "2579"]
[BlackElo "2917"]
[TimeControl "180+2"]
[EndTime "13:49:54 PST"]
[Termination "OparinGrigoriy won by resignation"]

1. d4 Nf6 2. Nf3 e6 3. Bf4 b6 4. e3 Bb7 5. Be2 d5 6. Nbd2 Bd6 7. Bg3 O-O 8. O-O c5 9. c3 Nc6 10. a3 a5 11. Ne5 Qc7 12. f4 Ne7 13. Bh4 Nf5 14.
Bf2 Be7 15. g4 Nd6 16. Bh4 Nfe4 17. Bxe7 Qxe7 18. Nxe4 Nxe4 19. Bd3 f6 20. Nf3 Ba6 21. Bxa6 Rxa6 22. Nd2 Nd6 23. Qf3 Raa8 24. f5 Rae8 25. Rae1 Kh8 26. e4 exf5 27. exf5 Qxe1 28. Rxe1 Rxe1+ 29.
Kf2 Rfe8 30. Qxd5 R1e2+ 31. Kg3 Rxd2 32. Qxd6 cxd4 33. cxd4 h5 34. gxh5 Re3+ 35. Kf4 Rh3 36. Qxb6 Rh4+ 37. Ke3 Rdxh2 38. Qb8+ Kh7 39. Qe8 R4h3+ 40.
Kf4 Rg2 41. d5 Rd3 42. h6 Rf2+ 43. Kg4 Rg2+ 44. Kf4 Rgg3 45. hxg7 Rdf3+ 46. Ke4 Re3+ 47. Kf4 Rxe8 0-1

[Event "*** Titled Tuesday Blitz"]
[Site "Chess.com"]
[Date "2019.02.05"]
[Round "4"]
[White "joppie2"]
[Black "Al_Shima"]
[Result "1-0"]
[WhiteElo "2751"]
[BlackElo "2505"]
[TimeControl "180+2"]
[EndTime "13:49:56 PST"]
[Termination "joppie2 won by resignation"]

1. c4 Nf6 2. Nc3 e6 3. d4 d5 4. cxd5 exd5 5. Bg5 Be7 6. e3 c6 7. Bd3 Nbd7 8. Nge2 O-O 9. Qc2 Re8 10. O-O Nf8 11. f3 g6 12. Rae1 Ne6 13. Bh4 Ng7 14. Bf2 Bf5 15.
e4 Be6 16. e5 Nd7 17. Ng3 Rc8 18. f4 c5 19. f5 gxf5 20. Nxf5 Nxf5 21. Bxf5 Nf8 22.
Be3 Qd7 23. Rf3 cxd4 24. Bxd4 Bc5 25. Bxc5 Rxc5 26. Qf2 Rc4 27. Rf1 Re7 28. Rg3+ Ng6 29. Bxg6 hxg6 30. Qf6 Rg4 31. Rxg4 Bxg4 32. h3 Re6 33.
Qg5 d4 34. Ne4 Be2 35. Nf6+ Rxf6 36. Rxf6 d3 37. Rd6 Qb5 38. Rd8+ Kh7 39. Qh4+ Bh5 40.
Qf6 Qb6+ 41. Qxb6 axb6 42. Rxd3 Be2 43. Rd7 1-0

[Event "*** Titled Tuesday Blitz"]
[Site "Chess.com"]
[Date "2019.02.05"]
[Round "4"]
[White "Babas"]
[Black "DoHoChess"]
[Result "0-1"]
[WhiteElo "2328"]
[BlackElo "2610"]
[TimeControl "180+2"]
[EndTime "13:49:56 PST"]
[Termination "DoHoChess won by resignation"]

1. d4 Nf6 2. Nf3 d5 3. Bg5 Ne4 4. Bf4 c5 5. c3 Nc6 6. e3 Qb6 7. Qb3 c4 8. Qxb6 axb6 9. Be2 b5 10. O-O e6 11. Nbd2 Nxd2 12. Nxd2 b4 13. cxb4 Bxb4 14.
Nb1 O-O 15. Nc3 Bd7 16. a3 Bxc3 17. bxc3 Na5 18. Bd6 Rfc8 19. Rad1 Ba4 20. Rd2 Ra6 21. Bb4 Nc6 22. Rb2 Bb3 23. Bc5 Ra5 24. Bd1 Rb5 25.
a4 Bxa4 26. Rxb5 Bxb5 27. Bf3 f5 28. Rb1 Ba6 29. g4 g6 30. h4 Kf7 31. h5 Kf6 32. hxg6 hxg6 33. gxf5 gxf5 34. Kf1 Na5 35. Bd6 Nb3 36. Ke2 Bb5 37. Be5+ Ke7 38. Rg1 Be8 39. Rg7+ Bf7 40. Bh5 Rf8 41. Rh7 Ke8 42. Bf3 b5 43.
Bd6 Rg8 44. Bb4 Nc1+ 45. Kd2 Nd3 46. Bd6 Nxf2 47. Bh5 Ne4+ 48. Ke2 Nxd6 0-1

[Event "*** Titled Tuesday Blitz"]
[Site "Chess.com"]
[Date "2019.02.05"]
[Round "4"]
[White "VFernandezB"]
[Black "GrandGlacier"]
[Result "0-1"]
[WhiteElo "2283"]
[BlackElo "2189"]
[TimeControl "180+2"]
[EndTime "13:50:00 PST"]
[Termination "GrandGlacier won by resignation"]

1. e4 c5 2. Nf3 e6 3. d4 cxd4 4. Nxd4 Nc6 5. Nc3 Qc7 6. Be2 a6 7. O-O Nf6 8. Be3 Be7 9. f4 d6 10. Kh1 O-O 11. g3 Nxd4 12. Qxd4 e5 13. Qb6 Qxb6 14. Bxb6 Bh3 15. Rfd1 exf4 16. gxf4 Rfe8 17. Bf3 Bf8 18. Bc7 Bg4 19. Kg2 b5 20. Bxd6 b4 21.
e5 bxc3 22. exf6 cxb2 23. Rab1 Bxf3+ 24. Kxf3 Bxd6 25. Rxd6 Rab8 26. fxg7 Rec8 27. Rd2 Rc3+ 28. Kg4 Ra3 29. c4 Rxa2 30. c5 a5 31. c6 Kxg7 32. h4 a4 33. c7 Rc8 34. Rbxb2 Rxb2 35. Rxb2 Rxc7 36. h5 Rc5 37. h6+ Kxh6 38. Rb6+ Kg7 39. Ra6 Rc4 40. Kg5 h6+ 41. Kg4 Rb4 42. Kf5 h5 43.
Kg5 h4 44. Kg4 h3 45. Kxh3 Rxf4 46. Kg3 Rb4 47. Kf3 f6 48. Kg3 Kg6 49. Ra5 f5 50.
Ra6+ Kg5 51. Ra5 Rb3+ 52. Kf2 a3 53. Ra4 f4 54. Ra8 Kf5 55. Ra4 Kg4 56. Kg2 Rb2+ 57.
Kf1 a2 58. Kg1 Rb1+ 0-1

[Event "*** Titled Tuesday Blitz"]
[Site "Chess.com"]
[Date "2019.02.05"]
[Round "4"]
[White "flomarechot"]
[Black "Iyael"]
[Result "1-0"]
[WhiteElo "2061"]
[BlackElo "1995"]
[TimeControl "180+2"]
[EndTime "13:50:01 PST"]
[Termination "flomarechot won by resignation"]

1. d4 Nf6 2. c4 g6 3. Nc3 Bg7 4. g3 d6 5. Bg2 O-O 6. Nf3 Nbd7 7. O-O e5 8. h3 c6 9. e4 Qb6 10. c5 dxc5 11. dxe5 Ne8 12. e6 fxe6 13. Ng5 Nc7 14. f4 c4+ 15. Kh2 Nc5 16. e5 Nd3 17.
Nce4 Ne8 18. Qc2 Qa6 19. Rd1 b5 20. Be3 Nb4 21. Qd2 Nd5 22. Bc5 Bd7 23. Bxf8 Bxf8 24.
h4 Qb6 25. h5 Be7 26. hxg6 hxg6 27. Bh3 Nec7 28. Nf6+ Bxf6 29. exf6 Nxf6 30. Qc2 Kg7 31. Rd6 Re8 32. Rad1 Ncd5 33. R1xd5 exd5 34. Bxd7 Rh8+ 35. Kg2 Qe3 36. Bxc6 d4 37. Ne6+ Kf7 38. Nxd4 Ng4 39. Qxg6+ Ke7 40. Rd7+ 1-0

[Event "*** Titled Tuesday Blitz"]
[Site "Chess.com"]
[Date "2019.02.05"]
[Round "4"]
[White "ezkybel"]
[Black "Mistheoretical"]
[Result "0-1"]
[WhiteElo "2261"]
[BlackElo "2334"]
[TimeControl "180+2"]
[EndTime "13:50:02 PST"]
[Termination "Mistheoretical won by resignation"]

1. e4 e6 2. d4 d5 3. c4 dxe4 4. Nc3 Nf6 5. f3 exf3 6. Nxf3 Nbd7 7. Bd3 Be7 8. O-O a6 9. Bg5 b6 10. Qe1 Bb7 11. Rd1 c6 12. Ne5 Nxe5 13. dxe5 Nd7 14. Ne4 Nxe5 15. Bxe7 Qxe7 16. Qg3 f6 17. Nd6+ Kd7 18.
Nxb7 Kc7 19. c5 Kxb7 20. cxb6 Kxb6 21. Kh1 Kb7 22. Be4 Rad8 23. Qb3+ Ka7 24. Qe3+ Kb7 25. a4 Rxd1 26. Rxd1 Rd8 27. Re1 Qd6 28. a5 Qc7 29.
Qb3+ Ka7 30. Qe3+ Kb7 31. Qc5 Rd7 32. h3 Kb8 33. Re3 Rd1+ 34. Re1 Rxe1+ 35. Qg1 Rxg1+ 36. Kxg1 Qxa5 37. b3 Qe1+ 38. Kh2 Qxe4 39. b4 Qxb4 0-1

[Event "*** Titled Tuesday Blitz"]
[Site "Chess.com"]
[Date "2019.02.05"]
[Round "4"]
[White "sergoy"]
[Black "Ginger_GM"]
[Result "0-1"]
[WhiteElo "2805"]
[BlackElo "2599"]
[TimeControl "180+2"]
[EndTime "13:50:08 PST"]
[Termination "Ginger_GM won by resignation"]

1. d4 e6 2. c4 f5 3. Nf3 Nf6 4. g3 Be7 5. Bg2 O-O 6. O-O d6 7. Nc3 Ne4 8. Qc2 Nxc3 9. bxc3 Nc6 10. e4 e5 11. c5 Kh8 12. cxd6 cxd6 13. Ba3 fxe4 14. Qxe4 d5 15. Qe3 Bxa3 16. dxe5 Qe7 17.
Rfe1 Bc5 18. Nd4 Be6 19. a4 Rab8 20. f4 Rbc8 21. h3 h5 22. Kh2 a6 23. Rab1 Nxd4 24.
cxd4 Ba7 25. Qf3 g6 26. Qb3 Bxd4 27. Red1 Rc3 28. Qb2 Rd3 29. Qc2 Rxd1 30. Rxd1 Bf5 31. Qb3 Ba7 32. Qxd5 h4 33. g4 Be6 34. Qe4 Qf7 35. Rf1 Bc4 36. Rd1 Qxf4+ 37. Qxf4 Rxf4 38. Bxb7 Kg7 39. Rd7+ Rf7 40. Bc6 Rxd7 41. Bxd7 Bb8 42. Kg2 Bxe5 43. Kf3 Bd5+ 44. Ke3 a5 45. Bb5 Kf6 0-1

[Event "*** Titled Tuesday Blitz"]
[Site "Chess.com"]
[Date "2019.02.05"]
[Round "4"]
[White "GMBenjaminBok"]
[Black "Denis_Makhnyov"]
[Result "1-0"]
[WhiteElo "2859"]
[BlackElo "2681"]
[TimeControl "180+2"]
[EndTime "13:50:09 PST"]
[Termination "GMBenjaminBok won by resignation"]

1. Nf3 Nf6 2. c4 c5 3. Nc3 b6 4. g3 Bb7 5. Bg2 e6 6. O-O Be7 7. Re1 O-O 8. e4 d6 9. d4 cxd4 10. Nxd4 Qc8 11. b3 Nbd7 12. Bb2 a6 13. Qd2 Qc7 14.
Rad1 Rac8 15. h3 Qb8 16. Nc2 Rfd8 17. g4 Nc5 18. g5 Nh5 19. Bf3 g6 20. Bxh5 gxh5 21.
Nd5 Bxd5 22. exd5 Qc7 23. Nd4 e5 24. Nc6 Re8 25. f4 Qd7 26. fxe5 Qxh3 27. Qg2 Qxg2+ 28.
Kxg2 Bf8 29. Kf3 Nd7 30. exd6 Bxd6 31. Bd4 f6 32. gxf6 Kf7 33. Rxe8 Rxe8 34. Rh1 b5 35. Rxh5 Kg6 36. Rh1 bxc4 37. bxc4 Nxf6 38. Bxf6 Kxf6 39.
Rh6+ Kg5 40. Rxd6 Rf8+ 41. Ke3 h5 42. Ne5 h4 43. Nf3+ Kh5 44. Nxh4 Kxh4 45. Rxa6 Kg5 46. Kd4 Kf5 47. a4 1-0

[Event "*** Titled Tuesday Blitz"]
[Site "Chess.com"]
[Date "2019.02.05"]
[Round "4"]
[White "Last7Samurai"]
[Black "IMRosen"]
[Result "1/2-1/2"]
[WhiteElo "2702"]
[BlackElo "2516"]
[TimeControl "180+2"]
[EndTime "13:50:10 PST"]
[Termination "Game drawn by agreement"]

1. e4 e5 2. Nf3 Nf6 3. Nxe5 Nc6 4. Nxc6 dxc6 5. Nc3 Bc5 6. Be2 Qd4 7. O-O Nxe4 8.
Nxe4 Qxe4 9. Bf3 Qg6 10. d4 Be7 11. Re1 Be6 12. a4 O-O 13. a5 a6 14. Bf4 Rac8 15. Be4 Bf5 16. Bxf5 Qxf5 17. Rxe7 Qxf4 18. g3 Qd6 19. Re4 Rfe8 20. Qe2 Rxe4 21. Qxe4 Qd5 22. Re1 Qxe4 23. Rxe4 Kf8 24. Re3 Rd8 25. Rb3 Rb8 26.
Kg2 Ke7 27. Kf3 Kd6 28. Ke4 b6 29. Kd3 c5 30. dxc5+ Kxc5 31. Rc3+ Kd6 32. Rb3 b5 33. Rb4 c5 34. Rf4 f6 35. b3 Rd8 36. Ke3 Re8+ 37. Re4 Re5 38. f4 Re6 39. g4 g6 40.
c4 bxc4 41. bxc4 f5 42. Rxe6+ Kxe6 43. g5 Kd6 1/2-1/2

[Event "*** Titled Tuesday Blitz"]
[Site "Chess.com"]
[Date "2019.02.05"]
[Round "4"]
[White "ecwinslow"]
[Black "politeplayer"]
[Result "1-0"]
[WhiteElo "2025"]
[BlackElo "2012"]
[TimeControl "180+2"]
[EndTime "13:50:15 PST"]
[Termination "ecwinslow won by resignation"]

1. d4 Nf6 2. c4 c5 3. d5 e6 4. Nc3 exd5 5. cxd5 d6 6. Nf3 g6 7. Bf4 Bg7 8. h3 O-O 9. e3 Re8 10. Nd2 a6 11. a4 b6 12. Be2 Bb7 13. Nc4 Bf8 14.
Qb3 b5 15. axb5 axb5 16. Rxa8 Bxa8 17. Qxb5 Nxd5 18. Nxd5 Bxd5 19. O-O Nc6 20. Rd1 Nb4 21.
Nxd6 Bxd6 22. Bxd6 Re6 23. Bxc5 Qg5 24. Qb8+ Kg7 25.
Qf8+ Kf6 26. Bd4+ Re5 27. Qh8+ Ke6 28. Qxe5+ Qxe5 29. Bxe5 Kxe5 30. Rd4 Nc2 31. f4+ Ke6 32. Rd3 Be4 33. Rc3 h5 34. g3 h4 35. Kf2 hxg3+ 36. Kxg3 Nb4 37. Bc4+ Kf5 38. Bxf7 Nc2 39. Kf2 g5 40.
Rc5+ Kf6 41. Bb3 Nb4 42. Rxg5 Nd3+ 43. Kg3 Nxb2 44. h4 Nd3 45. h5 Bf5 46. h6 Nc5 47.
Bc4 Ne4+ 48. Kh4 Nxg5 49. fxg5+ Ke7 50. Bb3 Kf8 51. Kh5 Be4 52. g6 Bf3+ 53. Kg5 1-0

[Event "*** Titled Tuesday Blitz"]
[Site "Chess.com"]
[Date "2019.02.05"]
[Round "4"]
[White "CaptainCasanova"]
[Black "DrMelekess"]
[Result "1-0"]
[WhiteElo "2769"]
[BlackElo "2608"]
[TimeControl "180+2"]
[EndTime "13:50:17 PST"]
[Termination "CaptainCasanova won on time"]

1. e4 e6 2. d4 d5 3. Nd2 a6 4.
Ngf3 c5 5. exd5 exd5 6. Be2 Nf6 7. O-O c4 8. b3 b5 9. bxc4 bxc4 10. Nxc4 dxc4 11. Bxc4 Be7 12. Ne5 O-O 13. c3 Bb7 14. Qb3 Bd5 15. Re1 Bxc4 16. Qxc4 Qd5 17. Qb3 Bd6 18. Bg5 Qxb3 19. axb3 Nd5 20. Bd2 f6 21. Nf3 Rc8 22. c4 Nc7 23. d5 Nd7 24. b4 Ne5 25. Nxe5 Bxe5 26. Ra2 Rab8 27. g3 Re8 28. Kg2 Bd4 29.
Rxe8+ Rxe8 30. d6 Ne6 31. Rxa6 Rd8 32. c5 Bxc5 33. bxc5 Nxc5 34. Rc6 Ne4 35. Bb4 Kf7 36. Rc7+ Kg6 37. d7 Kf7 38. Ba5 Nd6 39. Ra7 1-0

[Event "*** Titled Tuesday Blitz"]
[Site "Chess.com"]
[Date "2019.02.05"]
[Round "4"]
[White "RiskyDecision"]
[Black "alishersuleymenov"]
[Result "1-0"]
[WhiteElo "2435"]
[BlackElo "2457"]
[TimeControl "180+2"]
[EndTime "13:50:17 PST"]
[Termination "RiskyDecision won on time"]

1. d4 Nf6 2. c4 Nc6 3. Nf3 e6 4. g3 g6 5. Bg2 Bg7 6. O-O d6 7.
Nc3 O-O 8. e4 e5 9. dxe5 Nxe5 10. Nxe5 dxe5 11. Bg5 c6 12. Qa4 Be6 13. Rfd1 Qb6 14.
Qb3 Qc7 15. Rac1 Rfe8 16. Nd5 Nxd5 17. cxd5 Bg4 18. Bf3 Bxf3 19. Qxf3 c5 20. d6 Qd7 21. Rxc5 Rac8 22. Rxc8 Rxc8 23. Be7 Rc2 24. Qb3 Re2 25. Kf1 Rxe4 26. Qc2 Rd4 27. Rxd4 exd4 28. Qc7 Qb5+ 29. Kg1 h5 30. d7 Qe2 31. d8=Q+ Kh7 32. Qd5 d3 33.
Bg5 h4 34. Qdxf7 Qe1+ 35. Kg2 Qe4+ 36. Kh3 Qd4 37. Bf6 1-0

[Event "*** Titled Tuesday Blitz"]
[Site "Chess.com"]
[Date "2019.02.05"]
[Round "4"]
[White "Abund"]
[Black "eljanov"]
[Result "1-0"]
[WhiteElo "2580"]
[BlackElo "2801"]
[TimeControl "180+2"]
[EndTime "13:50:18 PST"]
[Termination "Abund won by resignation"]

1. Nf3 d5 2. d4 Nf6 3. c4 e6 4. Nc3 Bb4 5. Bg5 h6 6. Bxf6 Qxf6 7. e3 O-O 8. Rc1 dxc4 9. Bxc4 c5 10. O-O cxd4 11. Nxd4 Qe7 12. a3 Ba5 13. b4 Bb6 14. Na4 Bc7 15. Be2 Be5 16. Rc5 Bd6 17. Rc2 Nd7 18.
Nb5 Bb8 19. Nc7 Bxc7 20. Rxc7 Qf6 21. Rxd7 Bxd7 22. Qxd7 b6 23. Bf3 Rfd8 24. Qc7 Rdc8 25. Qd7 Rd8 26. Qb7 Rab8 27. Qxa7 e5 28. Nc3 Qg6 29. Nd5 Kh7 30. e4 b5 31. Qe3 Ra8 32. h3 Qd6 33. Be2 f5 34. Bxb5 fxe4 35. Qxe4+ Kh8 36.
Ne3 Qd4 37. Qxd4 exd4 38. Nc4 d3 39. Rd1 Rd4 40. a4 Rb8 41. Kf1 Rxb5 42. axb5 Rxc4 43. Rxd3 Rxb4 44. Rd5 Rb2 45. g3 Kg8 46. h4 Kf7 47. Kg2 Ke6 48. Rc5 Kd6 49. Rc6+ Kd7 50. Rg6 Rxb5 51.
Rxg7+ Ke8 52. Rg6 1-0

[Event "*** Titled Tuesday Blitz"]
[Site "Chess.com"]
[Date "2019.02.05"]
[Round "4"]
[White "Entilza"]
[Black "staz_staz"]
[Result "1-0"]
[WhiteElo "2217"]
[BlackElo "2332"]
[TimeControl "180+2"]
[EndTime "13:50:18 PST"]
[Termination "Entilza won by resignation"]

1. d4 d5 2. c4 dxc4 3. Nf3 Nf6 4. e3 Bg4 5. Bxc4 e6 6. Nc3 a6 7. h3 Bh5 8. e4 Bb4 9. Bg5 Bxf3 10. gxf3 Be7 11. Bf4 Nbd7 12. Qd2 Nb6 13. Bb3 c5 14. O-O-O O-O 15. Rhg1 cxd4 16. Qxd4 Qxd4 17. Rxd4 Rfd8 18. Rxd8+ Bxd8 19. Rd1 Nfd7 20. Na4 Nxa4 21. Rxd7 Rc8+ 22. Bc2 Nc5 23. Rd1 h6 24. b4 Na4 25. Rxd8+ Rxd8 26. Bxa4 Rd4 27. Bd2 Rd3 28. Bd1 g5 29. Be2 Rd7 30.
Kc2 Kg7 31. a4 Kg6 32. a5 f5 33. e5 h5 34. Bc4 Rd4 35. Bxe6 Rh4 36. Bd7 Rxh3 37.
e6 Kf6 38. Bxg5+ Kxg5 39. e7 Rxf3 40. e8=Q 1-0

[Event "*** Titled Tuesday Blitz"]
[Site "Chess.com"]
[Date "2019.02.05"]
[Round "4"]
[White "Fins0905"]
[Black "sergeikim"]
[Result "1/2-1/2"]
[WhiteElo "2625"]
[BlackElo "2470"]
[TimeControl "180+2"]
[EndTime "13:50:19 PST"]
[Termination "Game drawn by repetition"]

1. d4 Nf6 2. c4 g6 3. Nc3 Bg7 4. e4 d6 5. f3 O-O 6. Nge2 Nc6 7. Be3 a6 8. Qd2 Rb8 9. Rc1 e5 10. d5 Ne7 11. g3 c5 12. Bg2 b5 13. b3 Nd7 14.
O-O bxc4 15. bxc4 Rb4 16. Nd1 Nb6 17. Qd3 Nd7 18. Bd2 Rb7 19. Ne3 f5 20. Qa3 fxe4 21. fxe4 Nf6 22. Rb1 Rxb1 23. Rxb1 Ng4 24. Nxg4 Bxg4 25.
Nc3 Qc8 26. Rb6 Bh3 27. Qxa6 Qg4 28. Bxh3 Qxh3 29. Rb1 Bh6 30. Bxh6 Qxh6 31. Qxd6 Qe3+ 32. Kg2 Qxc3 33. Qe6+ Kg7 34. Rb7 Qf3+ 35. Kh3 Qh5+ 36. Kg2 Qf3+ 37. Kh3 Qh5+ 38. Kg2 Qe2+ 39. Kh3 Qh5+ 40.
Kg2 Qf3+ 41. Kh3 Qh5+ 42. Kg2 1/2-1/2

[Event "*** Titled Tuesday Blitz"]
[Site "Chess.com"]
[Date "2019.02.05"]
[Round "4"]
[White "Fivetrick"]
[Black "otrov-11"]
[Result "0-1"]
[WhiteElo "2550"]
[BlackElo "2332"]
[TimeControl "180+2"]
[EndTime "13:50:22 PST"]
[Termination "otrov-11 won by resignation"]

1. e4 e6 2. d4 d5 3. Nc3 Bb4 4. e5 c5 5. a3 Bxc3+ 6. bxc3 Ne7 7. h4 b6 8. h5 h6 9. Qg4 Kf8 10. Bd3 Ba6 11. Rh3 Bxd3 12. Rxd3 Nbc6 13. Nf3 Rc8 14. Nh4 Rg8 15. Rf3 Ke8 16. Qf4 Rf8 17. Ng6 Nxg6 18.
hxg6 f5 19. exf6 Rxf6 20. Qg4 Kf8 21. Qxe6 Rxf3 22. gxf3 Rc7 23. Kf1 Re7 24. Qxc6 cxd4 25. cxd4 Kg8 26. Bf4 Qf8 27. Qxd5+ Kh8 28. Be5 Re8 29.
Qd6 Qf5 30. f4 Qh3+ 31. Ke2 Qg4+ 32. Kd2 Qf3 33. Qd7 Qxf2+ 34. Kc3 Rg8 35. Qf7 Qe3+ 36.
Kc4 Qd2 37. c3 Qe2+ 38. Kb4 a5+ 39. Ka4 Qc2+ 40. Qb3 b5+ 41. Kxa5 Qxb3 42. Rh1 Qxc3+ 43. Kb6 Rc8 44. Rxh6+ Kg8 45. Rh7 Qc6+ 46. Ka5 Ra8+ 0-1